[Event "2026 Biel Blitz Open"]
[Site "Biel, CH"]
[Date "2026.07.19"]
[Round "6"]
[White "Alexakis, Dimitrios"]
[Black "Aryan Mehta"]
[Result "1-0"]
[Board "29"]
[TimeControl "180+2"]
[WhiteFideId "4200527"]
[BlackFideId "33329664"]
[WhiteElo "1895"]
[BlackElo "2061"]
[WhiteClock "0:00:24"]
[BlackClock "0:00:09"]
[Variant "Standard"]
[EndDate "2026.07.19"]
[EndTime "13:35:50"]

1. e4 e5 2. Nf3 Nc6 3. d4 exd4 4. Nxd4 Qf6 5. Be3 Bc5 6. c3 Nge7 7. Bc4 Ne5 8. Be2 d6 9. O-O Qg6 10. f4 Qxe4 11. Qd2 Ng4 12. Bxg4 Bxg4 13. Na3 O-O 14. Rae1 Qg6 15. b4 Bxd4 16. Bxd4 Nf5 17. c4 h5 18. Nc2 Nh4 19. Kh1 Bf5 20. Ne3 Be4 21. f5 Qg5 22. Qf2 Bd3 23. Qg3 Qxg3 24. hxg3 Bxf1 25. Rxf1 Nxg2 26. Kxg2 g6 27. g4 h4 28. Bf6 Rfe8 29. Rh1 g5 30. Bxg5 Kg7 31. Rxh4 f6 32. Bf4 Rh8 33. Rxh8 Rxh8 34. Nd5 Rc8 35. g5 fxg5 36. Bxg5 c6 37. Ne7 Re8 38. f6+ Kf7 39. Kf3 Rh8 40. Kg4 Rh2 41. a3 Rg2+ 42. Kf4 Rf2+ 43. Kg4 Rg2+ 44. Kf4 Rf2+ 45. Kg3 Ra2 46. Nc8 Rxa3+ 47. Kf4 Ke6 48. Nxd6 Ra1 49. Nxb7 Rc1 50. Nd8+ Kd7 51. f7 Rf1+ 52. Ke4 Kc7 53. Be7 Kd7 54. f8=Q Rxf8 55. Bxf8 Kc7 56. Nf7 Kb6 57. Kd4 a5 58. bxa5+ Kxa5 59. Kc5 1-0

[Event "2026 Biel Blitz Open"]
[Site "Biel, CH"]
[Date "2026.07.19"]
[Round "6"]
[White "Leuthold, Cyrill"]
[Black "Langner, Robin"]
[Result "0-1"]
[Board "30"]
[TimeControl "180+2"]
[WhiteFideId "1333011"]
[BlackFideId "34606190"]
[WhiteElo "1887"]
[BlackElo "2059"]
[WhiteClock "0:00:04"]
[BlackClock "0:00:10"]
[Variant "Standard"]
[EndDate "2026.07.19"]
[EndTime "13:28:46"]

1. d4 Nf6 2. Bg5 d5 3. e3 c5 4. Bxf6 gxf6 5. dxc5 Nc6 6. a3 a5 7. Bb5 e6 8. Nf3 Bxc5 9. O-O Bd7 10. c4 dxc4 11. Qc2 Qb6 12. Qxc4 Rg8 13. Nc3 Be7 14. Rad1 Qc5 15. Qh4 O-O-O 16. Be2 Kb8 17. Ne4 Qf5 18. Nd6 Qg6 19. g3 f5 20. Qc4 h5 21. b4 h4 22. b5 hxg3 23. fxg3 Na7 24. Ne5 Qh6 25. b6 Qxe3+ 26. Kh1 Nc6 27. Nxd7+ Rxd7 28. Nxf7 0-1

[Event "2026 Biel Blitz Open"]
[Site "Biel, CH"]
[Date "2026.07.19"]
[Round "6"]
[White "Baury, Noe"]
[Black "Xu, Chang(CQ)"]
[Result "0-1"]
[Board "32"]
[TimeControl "180+2"]
[WhiteFideId "651086867"]
[BlackFideId "8641757"]
[WhiteElo "1886"]
[BlackElo "2049"]
[WhiteClock "0:00:07"]
[BlackClock "0:00:27"]
[Variant "Standard"]
[EndDate "2026.07.19"]
[EndTime "13:36:18"]

1. e4 c5 2. d4 cxd4 3. Qxd4 Nc6 4. Qd3 Nf6 5. Nc3 g6 6. Nf3 Bg7 7. Be2 O-O 8. Bg5 d6 9. O-O Bd7 10. Nd5 Nxd5 11. exd5 Ne5 12. Nxe5 dxe5 13. c4 h6 14. Bh4 f5 15. f4 exf4 16. Bf2 e5 17. dxe6 Bxe6 18. Qf3 Qc7 19. Rfe1 g5 20. Bd3 Rae8 21. Rad1 b6 22. c5 Kh8 23. Rc1 Qb8 24. c6 Qc7 25. b3 g4 26. Qe2 g3 27. hxg3 fxg3 28. Be3 f4 29. Bd2 f3 30. gxf3 Bd4+ 31. Kh1 Qd8 32. Qe4 Bf5 33. c7 Bxe4 34. Bxe4 Qh4+ 35. Kg2 Qh2+ 36. Kf1 Qf2# 0-1

[Event "2026 Biel Blitz Open"]
[Site "Biel, CH"]
[Date "2026.07.19"]
[Round "6"]
[White "Stefan, Romulus-Cristian"]
[Black "Lupei, Denis"]
[Result "1-0"]
[Board "33"]
[TimeControl "180+2"]
[WhiteFideId "1232835"]
[BlackFideId "34611231"]
[WhiteElo "2048"]
[BlackElo "1890"]
[WhiteTitle "CM"]
[WhiteClock "0:01:03"]
[BlackClock "0:00:11"]
[Variant "Standard"]
[EndDate "2026.07.19"]
[EndTime "13:37:27"]

1. d4 Nf6 2. Nf3 e6 3. Bg5 Be7 4. Nbd2 d5 5. e3 c5 6. c3 Nc6 7. Bd3 O-O 8. O-O b6 9. Ne5 Bb7 10. Bxf6 Bxf6 11. f4 g6 12. Qg4 Bg7 13. Rf3 f5 14. Qh3 Nxe5 15. fxe5 g5 16. g4 c4 17. Bc2 h6 18. Raf1 fxg4 19. Qxg4 Qe7 20. Qh5 Rxf3 21. Rxf3 Rf8 22. Qg6 Rxf3 23. Nxf3 Qf7 24. Qh7+ Kf8 25. Kg2 Bc6 26. h3 Be8 27. Bb1 Qg8 28. Qc2 Qf7 29. Nh2 h5 30. Nf3 g4 31. Ng5 Qe7 32. h4 b5 33. Qf2+ Kg8 34. Bh7+ Kh8 35. Bc2 Kg8 36. Kg3 Bh6 37. Nh7 Bg7 38. Qf4 Kh8 39. Nf6 Bxf6 40. exf6 Qf7 41. Qg5 Qg6 42. Bxg6 1-0

[Event "2026 Biel Blitz Open"]
[Site "Biel, CH"]
[Date "2026.07.19"]
[Round "6"]
[White "Hajduk, Tomasz"]
[Black "Bajraktari, Perparim"]
[Result "1-0"]
[Board "34"]
[TimeControl "180+2"]
[WhiteFideId "21811415"]
[BlackFideId "1307711"]
[WhiteElo "1791"]
[BlackElo "2045"]
[WhiteClock "0:00:32"]
[BlackClock "0:00:35"]
[Variant "Standard"]
[EndDate "2026.07.19"]
[EndTime "13:38:12"]

1. e4 c5 2. Nf3 Nc6 3. d4 cxd4 4. Nxd4 e6 5. Nc3 d6 6. Be3 Bd7 7. Qd2 a6 8. O-O-O Rc8 9. f4 Be7 10. g4 Nf6 11. g5 Ng4 12. Nxc6 Bxc6 13. Bd4 e5 14. Bg1 exf4 15. Nd5 Bxd5 16. exd5 O-O 17. h4 Ne5 18. Qxf4 f6 19. Bh3 fxg5 20. Be6+ Kh8 21. Qe4 Rc4 22. Qe2 gxh4 23. Kb1 Bf6 24. Rf1 Rb4 25. c3 Rb5 26. Bd4 a5 27. Qxb5 Qc7 28. Rxh4 Qe7 29. Rxh7+ Kxh7 30. Rh1+ Bh4 31. Qe2 Nf3 32. Bf5+ Kg8 33. Qxf3 Qg5 34. Be6+ Kh7 35. Qxf8 1-0

[Event "2026 Biel Blitz Open"]
[Site "Biel, CH"]
[Date "2026.07.19"]
[Round "6"]
[White "Nguyen Thi Mai Hung"]
[Black "Bujes, Aurelien"]
[Result "1-0"]
[Board "35"]
[TimeControl "180+2"]
[WhiteFideId "12401676"]
[BlackFideId "1347179"]
[WhiteElo "2039"]
[BlackElo "1741"]
[WhiteTitle "WGM"]
[WhiteClock "0:00:34"]
[BlackClock "0:00:12"]
[Variant "Standard"]
[EndDate "2026.07.19"]
[EndTime "13:29:05"]

1. d4 Nf6 2. Nf3 d6 3. g3 Bf5 4. Bg2 c6 5. O-O Nbd7 6. c4 g6 7. Nc3 Bg7 8. Nd2 Nb6 9. e4 Bd7 10. c5 Nc8 11. e5 Ng4 12. h3 dxe5 13. hxg4 exd4 14. Nce4 O-O 15. Nb3 Be6 16. Qd3 Bxb3 17. Qxb3 Qd7 18. g5 b6 19. Rd1 e5 20. Bd2 bxc5 21. Nxc5 Qe7 22. Rac1 Nd6 23. Bxc6 Rab8 24. Qa3 Rfc8 25. Ne4 Bf8 26. Nxd6 Qxd6 27. Qxd6 Bxd6 28. b3 Rb6 29. Be4 Re8 30. Rc4 a6 31. Rdc1 Kg7 32. Rc6 Reb8 33. Rxb6 Rxb6 34. Rc6 Rxc6 35. Bxc6 f5 36. gxf6+ Kxf6 37. Bb7 Kf5 38. f3 h5 39. Kf2 g5 40. Bxa6 g4 41. Bc8+ Kf6 42. fxg4 hxg4 43. Bxg4 e4 44. Bf4 Bc5 45. Ke2 Bb4 46. Bd7 Ke7 47. Bf5 e3 48. Kd3 Bc3 49. Bxe3 dxe3 50. Kxc3 1-0

[Event "2026 Biel Blitz Open"]
[Site "Biel, CH"]
[Date "2026.07.19"]
[Round "6"]
[White "Vedant Nayudu"]
[Black "El-Mais, Ibaa"]
[Result "0-1"]
[Board "36"]
[TimeControl "180+2"]
[WhiteFideId "33369780"]
[BlackFideId "1312715"]
[WhiteElo "1732"]
[BlackElo "2012"]
[WhiteClock "0:00:03"]
[BlackClock "0:00:11"]
[Variant "Standard"]
[EndDate "2026.07.19"]
[EndTime "13:36:29"]

1. e4 c6 2. d4 d5 3. exd5 cxd5 4. Bd3 Nc6 5. c3 Qc7 6. h3 Nf6 7. Nf3 g6 8. O-O Bf5 9. Re1 e6 10. Ne5 Bd6 11. Bb5 h5 12. Bg5 Bxe5 13. dxe5 Nd7 14. Nd2 a6 15. Bxc6 bxc6 16. Nf1 h4 17. Qd4 Qb6 18. Qf4 Qxb2 19. Bxh4 Nc5 20. Bf6 Nd3 21. Qd2 Qxd2 22. Nxd2 O-O 23. Re3 Nc5 24. g4 Bc2 25. Be7 Ne4 26. Nxe4 Bxe4 27. Bxf8 Kxf8 28. f3 Bc2 29. Re2 Bd3 30. Rd2 Bc4 31. Rb1 Kg7 32. Kf2 g5 33. Kg3 f6 34. exf6+ Kxf6 35. a4 Rf8 36. a5 Ke5 37. Re1+ Kd6 38. Rd4 e5 39. Rd2 Rb8 40. Rc2 Rb5 41. Ra1 Rb3 42. h4 gxh4+ 43. Kxh4 Bd3 44. Rcc1 Kc5 45. g5 Kc4 46. Kh5 Rb2 47. Rh1 Rb8 48. g6 Rh8+ 49. Kg5 Rg8 50. Rh6 Kxc3 51. Kf6 e4 52. Kf7 Rb8 53. fxe4 Bxe4 54. g7 d4 55. g8=Q Bd5+ 56. Ke7 Rxg8 57. Rc1+ Kd2 58. Rhxc6 Bxc6 59. Rxc6 d3 60. Rxa6 Ke2 61. Re6+ Kd1 62. Rd6 d2 63. Kd7 Ra8 64. a6 Kc1 65. Kc7 Rxa6 66. Rd4 d1=Q 0-1

[Event "2026 Biel Blitz Open"]
[Site "Biel, CH"]
[Date "2026.07.19"]
[Round "6"]
[White "Python, Noe"]
[Black "Huang,Hsuan-Chen"]
[Result "1-0"]
[Board "37"]
[TimeControl "180+2"]
[WhiteFideId "1337637"]
[BlackFideId "16303121"]
[WhiteElo "2010"]
[BlackElo "1833"]
[WhiteClock "0:00:05"]
[BlackClock "0:00:07"]
[Variant "Standard"]
[EndDate "2026.07.19"]
[EndTime "13:36:05"]

1. e4 c6 2. d4 d5 3. Nd2 dxe4 4. Nxe4 Nf6 5. Nxf6+ exf6 6. c3 Bd6 7. Bd3 Nd7 8. Qe2+ Qe7 9. Nf3 Qxe2+ 10. Kxe2 Nf8 11. Re1 Be6 12. Kf1 O-O-O 13. a4 Ng6 14. g3 Rhe8 15. Bd2 Bg4 16. Kg2 Ne7 17. a5 Nd5 18. Rxe8 Rxe8 19. Re1 Rxe1 20. Nxe1 h5 21. Be4 Be6 22. Nd3 Ne7 23. Nf4 Bxf4 24. Bxf4 Bd5 25. f3 Kd7 26. Bd3 g5 27. Bd2 Ke6 28. Kf2 Kd6 29. b4 Be6 30. f4 g4 31. Bc2 Bf5 32. Bb3 Be6 33. Bd1 f5 34. Be2 Nd5 35. c4 Nf6 36. Ke3 Ne4 37. Be1 b6 38. axb6 axb6 39. Bd3 Nf6 40. Kd2 Kc7 41. Ke3 Kd6 42. Bc3 Nd7 43. Bb2 Nb8 44. Be2 Kd7 45. Ba3 Na6 46. Bf1 Kc7 47. Kd3 Kd7 48. Bg2 Nc7 49. Bc1 b5 50. cxb5 Nxb5 51. Bb2 Nc7 52. Bf1 Nd5 53. Bc3 Nxc3 54. Kxc3 Bd5 55. Bc4 Kd6 56. Bd3 Be4 57. Bc4 f6 58. Bb3 Bf3 59. Bf7 Bd5 60. Bxd5 Kxd5 61. Kd3 Ke6 62. Kc4 Kd6 63. d5 cxd5+ 64. Kd4 Kc6 65. b5+ Kxb5 66. Kxd5 1-0

[Event "2026 Biel Blitz Open"]
[Site "Biel, CH"]
[Date "2026.07.19"]
[Round "6"]
[White "Dietiker, Manuel"]
[Black "Chu, Wa Ching David"]
[Result "0-1"]
[Board "38"]
[TimeControl "180+2"]
[WhiteFideId "1317377"]
[BlackFideId "6013180"]
[WhiteElo "2002"]
[BlackElo "1673"]
[WhiteClock "0:00:40"]
[BlackClock "0:00:16"]
[Variant "Standard"]
[EndDate "2026.07.19"]
[EndTime "13:37:45"]

1. e4 c5 2. Nf3 d6 3. d4 cxd4 4. Nxd4 Nf6 5. Nc3 g6 6. Be3 Bg7 7. f3 O-O 8. Qd2 Nc6 9. O-O-O d5 10. Kb1 Nxd4 11. e5 Nf5 12. exf6 exf6 13. Nxd5 Be6 14. Nc3 Qa5 15. a3 Rfd8 16. Qc1 Nxe3 17. Qxe3 f5 18. Rxd8+ Rxd8 19. Be2 Bxc3 20. Qxc3 Qxc3 21. bxc3 Rd2 22. Re1 f4 23. Kc1 Rd6 24. Bd3 Rc6 25. Kd2 Kf8 26. Re4 g5 27. Re5 f6 28. Rb5 b6 29. Bxh7 a6 30. Rb1 f5 31. Bg6 Rd6+ 32. Ke1 Bd7 33. Rd1 Rxd1+ 34. Kxd1 Kg7 35. Bh5 Bc6 36. Ke2 Bb5+ 37. Kd2 Kf6 38. g3 fxg3 39. hxg3 Bc6 40. c4 Ke5 41. Ke3 f4+ 42. gxf4+ gxf4+ 43. Kd3 Bd7 44. c3 Bf5+ 45. Ke2 Kd6 46. Bf7 Kc5 47. Kd2 Bb1 48. Kc1 Ba2 49. Kc2 Bxc4 50. Bh5 Be2 51. Kd2 Bb5 52. Bf7 Bc4 53. Be8 b5 54. Bg6 Kb6 55. Bd3 Ka5 56. Bxc4 bxc4 57. Kc2 Ka4 58. Kb2 Kb5 59. Kc2 Kc5 60. Kd2 Kd5 61. Ke2 Kc6 62. Kf2 Kb5 63. Kg2 Ka4 64. Kh3 Kxa3 65. Kg4 Kb3 66. Kxf4 a5 67. Ke4 a4 68. f4 a3 69. f5 a2 70. f6 a1=Q 71. f7 Qf1 72. Kd4 Qf4+ 73. Kc5 Qxf7 74. Kd4 Qd7+ 75. Ke4 Kxc3 76. Ke5 Qd4+ 0-1

[Event "2026 Biel Blitz Open"]
[Site "Biel, CH"]
[Date "2026.07.19"]
[Round "6"]
[White "Zumbrunn, Simon"]
[Black "Hirzel, Robin"]
[Result "0-1"]
[Board "39"]
[TimeControl "180+2"]
[WhiteFideId "1364146"]
[BlackFideId "1342320"]
[WhiteElo "1802"]
[BlackElo "2022"]
[WhiteClock "0:00:06"]
[BlackClock "0:01:52"]
[Variant "Standard"]
[EndDate "2026.07.19"]
[EndTime "13:28:44"]

1. e4 e6 2. d4 d5 3. Nc3 Nf6 4. e5 Nfd7 5. f4 c5 6. Nf3 Nc6 7. Be3 cxd4 8. Nxd4 Bc5 9. Qd2 a6 10. a3 O-O 11. b4 Bxd4 12. Bxd4 Nxd4 13. Qxd4 Qb6 14. Qxb6 Nxb6 15. a4 Bd7 16. a5 Rac8 17. axb6 Rxc3 18. Kd2 Rfc8 19. Bd3 g6 20. g3 Bb5 21. Rhc1 Bd7 22. Bxa6 Rf3 23. Be2 Rf2 24. h3 Bb5 25. Re1 Bxe2 26. Rxe2 Rxe2+ 27. Kxe2 Rxc2+ 28. Kd3 Rc6 29. Ra8+ Kg7 30. Kd4 Rxb6 31. Kc5 Rc6+ 32. Kb5 Rc3 33. Ra7 Rxg3 34. Rxb7 Rxh3 35. Kc5 Rb3 36. b5 h5 37. Ra7 Rc3+ 38. Kd4 Rc4+ 39. Ke3 Rb4 40. Ra5 h4 41. Kf3 d4 42. Kg4 d3 43. Ra2 Rxb5 44. Kxh4 Rd5 45. Rd2 Kf8 46. Kg4 Ke7 47. Kf3 Kd7 48. Ke4 Kc6 49. Rd1 d2 50. Ke3 Kc5 51. Ke4 Kc4 52. Ke3 Kc3 53. Ke2 Kc2 0-1

[Event "2026 Biel Blitz Open"]
[Site "Biel, CH"]
[Date "2026.07.19"]
[Round "6"]
[White "Haugner, Jan"]
[Black "Aryan Goyal"]
[Result "1-0"]
[Board "42"]
[TimeControl "180+2"]
[WhiteFideId "24655244"]
[BlackFideId "366108825"]
[WhiteElo "1976"]
[BlackElo "1748"]
[WhiteClock "0:00:08"]
[BlackClock "0:00:12"]
[Variant "Standard"]
[EndDate "2026.07.19"]
[EndTime "13:29:46"]

1. e4 e5 2. Nf3 Nc6 3. Nc3 Nf6 4. Bb5 Bb4 5. O-O O-O 6. Bxc6 dxc6 7. d3 Bg4 8. h3 Bxf3 9. Qxf3 Qd7 10. Ne2 h6 11. Bxh6 Qe6 12. Bg5 Rad8 13. Bxf6 Qxf6 14. Qxf6 gxf6 15. Ng3 c5 16. b3 Bc3 17. Rad1 b5 18. Nf5 Rd7 19. f4 Rfd8 20. fxe5 fxe5 21. Kh2 c4 22. Rf3 cxd3 23. Rfxd3 Rxd3 24. Rxd3 Rxd3 25. cxd3 Kf8 26. h4 f6 27. h5 Kf7 28. Kg3 Bd2 29. Kg4 a5 30. d4 Bc1 31. dxe5 fxe5 32. Kh4 Kf6 33. g4 Bd2 34. Kh3 Bb4 35. h6 Kg6 36. Kh4 Bf8 37. g5 c5 38. Kg4 c4 39. Nh4+ Kh7 40. bxc4 bxc4 41. Nf3 Bd6 42. Kh5 c3 43. Ne1 c2 44. Nxc2 Be7 45. g6+ Kg8 46. Ne3 Bc5 47. Nf5 Kh8 48. Kg5 a4 49. Kf6 Kg8 50. h7+ Kh8 51. Nh6 Be7+ 52. Kxe7 a3 53. g7+ Kxg7 54. Nf7 Kxh7 55. Nxe5 Kg7 56. Kd6 Kf6 57. Nd7 1-0

[Event "2026 Biel Blitz Open"]
[Site "Biel, CH"]
[Date "2026.07.19"]
[Round "6"]
[White "Jud, Marc"]
[Black "Wilhelm, Marco"]
[Result "1-0"]
[Board "44"]
[TimeControl "180+2"]
[WhiteFideId "1309099"]
[BlackFideId "1347039"]
[WhiteElo "1946"]
[BlackElo "1684"]
[WhiteClock "0:00:57"]
[BlackClock "0:00:15"]
[Variant "Standard"]
[EndDate "2026.07.19"]
[EndTime "13:37:03"]

1. d4 e6 2. Nf3 d5 3. e3 c6 4. c4 f5 5. cxd5 exd5 6. Bd3 Nf6 7. Ne5 Bd6 8. O-O Nbd7 9. f4 O-O 10. b3 Ne4 11. Bxe4 fxe4 12. Bb2 Nf6 13. h3 Be6 14. Nd2 Bxe5 15. dxe5 Nd7 16. Bd4 Qe7 17. Qe1 Rf5 18. g4 Rff8 19. f5 Bxf5 20. gxf5 Nxe5 21. Qg3 Nd3 22. f6 Qd7 23. fxg7 Rxf1+ 24. Rxf1 c5 25. Ba1 d4 26. Nxe4 Qxg7 27. Qxg7+ Kxg7 28. exd4 cxd4 29. Bxd4+ Kg6 30. Rf6+ Kh5 31. Be3 Kh4 32. Kh2 h5 33. Bg5# 1-0

[Event "2026 Biel Blitz Open"]
[Site "Biel, CH"]
[Date "2026.07.19"]
[Round "6"]
[White "Pinelli, Gian"]
[Black "Dai, Wenzhi"]
[Result "1-0"]
[Board "45"]
[TimeControl "180+2"]
[WhiteFideId "1348710"]
[BlackFideId "8608369"]
[WhiteElo "1751"]
[BlackElo "1943"]
[WhiteClock "0:01:08"]
[BlackClock "0:03:02"]
[Variant "Standard"]
[EndDate "2026.07.19"]
[EndTime "13:28:05"]

1. d4 Nf6 2. c4 e6 3. Nc3 Bb4 4. Qc2 d5 5. a3 Bxc3+ 6. Qxc3 h6 7. Nf3 O-O 8. Bf4 c6 9. e3 Nbd7 10. Qc2 Re8 11. Be2 dxc4 12. Bxc4 b5 13. Be2 Bb7 14. O-O Rc8 15. Rac1 a6 16. Ne5 c5 17. Qd1 Qb6 18. dxc5 Nxc5 19. Bf3 Red8 20. Qe2 Bxf3 21. Nxf3 Nce4 22. Rfd1 a5 23. Rxd8+ Rxd8 24. Bc7 Rc8 25. Bxb6 Rxc1+ 26. Ne1 b4 27. Bxa5 b3 28. f3 Nc5 29. Kf2 Nd5 30. e4 Nf4 31. Qe3 g5 32. Bd2 Rc2 33. Nxc2 bxc2 34. Bc1 Nfd3+ 35. Ke2 Nb3 36. Kxd3 1-0

[Event "2026 Biel Blitz Open"]
[Site "Biel, CH"]
[Date "2026.07.19"]
[Round "6"]
[White "Jehnichen, Kai"]
[Black "Boner, Timm"]
[Result "1-0"]
[Board "47"]
[TimeControl "180+2"]
[WhiteFideId "24684333"]
[BlackFideId "1330039"]
[WhiteElo "1952"]
[BlackElo "1705"]
[WhiteClock "0:02:34"]
[BlackClock "0:02:15"]
[Variant "Standard"]
[EndDate "2026.07.19"]
[EndTime "13:24:04"]

1. e4 e5 2. d4 exd4 3. Qxd4 Nf6 4. a3 Nc6 5. Qe3 Qe7 6. Nc3 Qe5 7. Nf3 Qa5 8. Bd2 Bc5 9. Qe2 Nd4 10. Nxd4 Bxd4 11. Nb5 Qb6 12. c3 Bc5 13. b4 Bd6 14. e5 c6 15. Nxd6+ Kd8 16. exf6 gxf6 17. Nxf7+ 1-0

[Event "2026 Biel Blitz Open"]
[Site "Biel, CH"]
[Date "2026.07.19"]
[Round "6"]
[White "Jaggy, Enzo"]
[Black "Mikavica, Dragoljub"]
[Result "1-0"]
[Board "48"]
[TimeControl "180+2"]
[WhiteFideId "1344919"]
[BlackFideId "1308726"]
[WhiteElo "1761"]
[BlackElo "1983"]
[WhiteClock "0:00:35"]
[BlackClock "0:03:02"]
[Variant "Standard"]
[EndDate "2026.07.19"]
[EndTime "13:35:34"]

1. d4 g6 2. Nf3 Bg7 3. e4 d6 4. Bd3 Nd7 5. Be3 b6 6. c3 a5 7. Qe2 Ngf6 8. h3 c5 9. Nbd2 O-O 10. Rc1 a4 11. a3 Bb7 12. O-O e5 13. d5 Nh5 14. Nc4 Qc7 15. Nh4 Bf6 16. Qg4 Bxh4 17. Qxh4 Ng7 18. f4 f5 19. fxe5 dxe5 20. Bh6 Qd8 21. Bg5 Qb8 22. Be7 Rf7 23. d6 b5 24. exf5 Bd5 25. fxg6 hxg6 26. Bxg6 Rxe7 27. dxe7 Qd6 28. Qh7# 1-0

[Event "2026 Biel Blitz Open"]
[Site "Biel, CH"]
[Date "2026.07.19"]
[Round "6"]
[White "Chantrell, Paul"]
[Black "Havolli, Daut"]
[Result "0-1"]
[Board "49"]
[TimeControl "180+2"]
[WhiteFideId "451967"]
[BlackFideId "1315200"]
[WhiteElo "1749"]
[BlackElo "1950"]
[WhiteClock "0:00:08"]
[BlackClock "0:00:05"]
[Variant "Standard"]
[Termination "forfeit"]
[EndDate "2026.07.19"]
[EndTime "13:35:24"]

1. e4 c6 2. Nc3 d5 3. Nf3 e6 4. d4 Bb4 5. exd5 exd5 6. Bd2 Ne7 7. h3 O-O 8. a3 Ba5 9. Bd3 Ng6 10. O-O Be6 11. Re1 Bc7 12. Bxg6 hxg6 13. Qc1 Nd7 14. b4 Nf6 15. Bg5 Qd6 16. Ne5 Nd7 17. Bf4 Nxe5 18. Bxe5 Qd7 19. Qf4 Bxe5 20. Qxe5 Bf5 21. Qe2 Rae8 22. Qd2 Qd8 23. Ne2 Qf6 24. c3 g5 25. Ng3 Bg6 26. f3 Qf4 27. Qxf4 gxf4 28. Nf1 Bd3 29. Nd2 f5 30. Nb3 Re3 31. Nc5 Bc4 32. g3 Rxf3 33. gxf4 Rxc3 34. Re7 Rxh3 35. Kg2 Rh4 36. Kg3 Rg4+ 37. Kf3 Rf6 38. Ne6 Rh6 39. Re8+ Kf7 40. Rf1 Rh3+ 0-1

[Event "2026 Biel Blitz Open"]
[Site "Biel, CH"]
[Date "2026.07.19"]
[Round "6"]
[White "Delion, Helge"]
[Black "Schaefer, Gion"]
[Result "1-0"]
[Board "50"]
[TimeControl "180+2"]
[WhiteFideId "12914568"]
[BlackFideId "1362097"]
[WhiteElo "1911"]
[BlackElo "1763"]
[WhiteClock "0:00:07"]
[BlackClock "0:00:18"]
[Variant "Standard"]
[EndDate "2026.07.19"]
[EndTime "13:36:49"]

1. e4 c5 2. Nf3 e6 3. d4 cxd4 4. Nxd4 Nc6 5. Nc3 Nf6 6. Nxc6 bxc6 7. e5 Nd5 8. Ne4 Qc7 9. f4 Qb6 10. Ke2 Ba6+ 11. Kf3 Be7 12. c4 Nc7 13. Nd6+ Kf8 14. b3 g6 15. Be3 Qb4 16. Qd2 Qxd2 17. Bxd2 Kg7 18. Bb4 Rab8 19. Ba3 Bf8 20. Rd1 Ne8 21. Nxe8+ Rxe8 22. Bxf8+ Rhxf8 23. Bd3 Rd8 24. c5 Bb5 25. Bxb5 cxb5 26. b4 f6 27. exf6+ Rxf6 28. Ke3 Rf7 29. Rd6 Rdf8 30. g3 h6 31. Rhd1 g5 32. Rxd7 gxf4+ 33. gxf4 Kg6 34. Rxf7 Rxf7 35. Rd6 Kf5 36. Ra6 Rg7 37. c6 e5 38. fxe5 Kxe5 39. c7 Rxc7 40. Rxh6 Rc3+ 41. Kd2 Rc4 42. Rh5+ Kf4 43. Rh4+ Kf3 44. Rxc4 bxc4 45. Kc3 1-0

[Event "2026 Biel Blitz Open"]
[Site "Biel, CH"]
[Date "2026.07.19"]
[Round "6"]
[White "Kamildjanov, Saidbek"]
[Black "Hirt, Markus"]
[Result "0-1"]
[Board "52"]
[TimeControl "180+2"]
[WhiteFideId "151105026"]
[BlackFideId "1302582"]
[WhiteElo "1659"]
[BlackElo "1880"]
[WhiteClock "0:01:00"]
[BlackClock "0:03:02"]
[Variant "Standard"]
[EndDate "2026.07.19"]
[EndTime "13:37:59"]

1. e4 Nf6 2. Nc3 e6 3. Bc4 d5 4. exd5 exd5 5. Bb3 c6 6. Nf3 Bd6 7. O-O O-O 8. h3 Re8 9. d3 Nbd7 10. Be3 Nc5 11. Bxc5 Bxc5 12. d4 Bd6 13. Re1 Bf5 14. Ne5 Nd7 15. Qf3 Bg6 16. Nxg6 hxg6 17. Rxe8+ Qxe8 18. Ne2 Qe7 19. Ng3 Re8 20. c3 Nf6 21. Bc2 Bxg3 22. fxg3 Qe2 23. Rc1 Qxf3 24. gxf3 Re2 25. Kf1 Rd2 26. Ke1 Rh2 27. h4 Nh5 28. g4 Nf4 29. b3 Rxh4 30. Kf2 g5 31. Re1 Rh2+ 32. Kg3 Rxc2 33. Re5 Rxa2 34. Rxg5 Ne6 35. Rh5 Ra3 36. f4 Rxb3 37. f5 Rxc3+ 38. Kh4 Nf8 39. Kg5 Rc1 40. f6 gxf6+ 41. Kxf6 a5 42. Rg5+ Ng6 43. Re5 Rf1+ 0-1

[Event "2026 Biel Blitz Open"]
[Site "Biel, CH"]
[Date "2026.07.19"]
[Round "6"]
[White "Valsecchi, Luca"]
[Black "Knuesel, Jolan"]
[Result "0-1"]
[Board "53"]
[TimeControl "180+2"]
[WhiteFideId "1368524"]
[BlackFideId "1364529"]
[WhiteElo "1869"]
[BlackElo "1728"]
[WhiteClock "0:00:18"]
[BlackClock "0:00:06"]
[Variant "Standard"]
[EndDate "2026.07.19"]
[EndTime "13:33:04"]

1. d4 Nf6 2. Nf3 d5 3. Bf4 Bf5 4. c4 e6 5. Nc3 c6 6. Qb3 Qc8 7. e3 Be7 8. Be2 O-O 9. O-O Nbd7 10. Rac1 Ne4 11. h3 Ndf6 12. Nh4 Nxc3 13. Rxc3 Bg6 14. Nxg6 hxg6 15. Bf3 Nh5 16. Bh2 Nf6 17. Be5 Nd7 18. Bg3 Nb6 19. c5 Nc4 20. Qc2 b6 21. b3 Na5 22. cxb6 Bb4 23. Rd3 axb6 24. Rdd1 c5 25. dxc5 Bxc5 26. Qb2 Be7 27. Rc1 Qd7 28. Rc7 Qd8 29. Rfc1 Bf6 30. Qc2 g5 31. Be2 e5 32. Qf5 Qe8 33. Qd7 Qxd7 34. Rxd7 Rac8 35. Rxc8 Rxc8 36. Rxd5 Rc1+ 37. Kh2 Rc2 38. Bd3 Rxa2 39. Rd8+ Bxd8 0-1

[Event "2026 Biel Blitz Open"]
[Site "Biel, CH"]
[Date "2026.07.19"]
[Round "6"]
[White "Gireada, Lucas"]
[Black "Draude, Theo"]
[Result "1-0"]
[Board "54"]
[TimeControl "180+2"]
[WhiteFideId "1373544"]
[BlackFideId "34623809"]
[WhiteElo "1651"]
[BlackElo "1861"]
[WhiteClock "0:00:09"]
[BlackClock "0:00:40"]
[Variant "Standard"]
[EndDate "2026.07.19"]
[EndTime "13:37:51"]

1. d4 a6 2. c4 b5 3. e4 Bb7 4. Nd2 bxc4 5. Bxc4 e6 6. Ngf3 Nf6 7. Qe2 Be7 8. O-O O-O 9. b3 d5 10. Bd3 dxe4 11. Nxe4 Nc6 12. Bb2 Nb4 13. Bb1 a5 14. a3 Ba6 15. Qd2 Bxf1 16. Kxf1 Nbd5 17. Kg1 Rb8 18. Bc2 Nxe4 19. Bxe4 Nf6 20. Bc2 Qd5 21. Ne5 Bd6 22. Nc4 a4 23. Nxd6 cxd6 24. b4 Qc6 25. Rc1 Qb5 26. Bd3 Qb7 27. Bc2 Qa7 28. Qg5 h6 29. Qg3 Qd7 30. d5 e5 31. Qd3 Qb5 32. Qd2 Qxd5 33. Qe2 Qb5 34. Qd2 Qd7 35. f3 Qa7+ 36. Kh1 Rfd8 37. Rd1 Rbc8 38. Bb1 Qb6 39. Qd3 Qc7 40. Kg1 Qc4 41. Qd2 Qb3 42. h4 Qe6 43. Bc2 d5 44. Bxa4 Qb6+ 45. Kh1 d4 46. Bb3 Rc7 47. Qd3 Rcd7 48. Qf5 Qc7 49. Rc1 Qd6 50. Rd1 g6 51. Qc2 Kg7 52. Bc1 d3 53. Qd2 e4 54. Qxh6+ Kg8 55. Qxg6+ Kf8 56. Bh6+ Ke8 57. Qg7 e3 58. Qh8+ Ke7 59. Qg7 Ke8 60. Qh8+ Ke7 61. Qg7 Rf8 62. Bg5 e2 63. Re1 d2 64. Rxe2+ Kd8 65. Bxf6+ Kc8 66. Rxd2 Qxd2 67. Qxf8+ Kc7 68. Qc5+ Kb8 69. Qb5+ Rb7 70. Qe8+ Ka7 71. Ba4 Qc1+ 72. Kh2 Qf4+ 73. g3 Qxf6 74. Qe3+ Rb6 75. Qc5 Qb2+ 76. Kh3 Kb7 77. Qe7+ Kb8 78. Qd8+ Kb7 79. Qd7+ Kb8 80. Qd8+ Ka7 81. Qc7+ Rb7 82. Qc5+ Kb8 83. Qf8+ Kc7 84. Qxf7+ Kb6 85. Qe6+ Ka7 86. Qe3+ Kb8 87. Qe8+ Ka7 88. Qe3+ Rb6 89. Qe7+ Rb7 90. Qc5+ Kb8 91. Qf8+ Ka7 1-0

[Event "2026 Biel Blitz Open"]
[Site "Biel, CH"]
[Date "2026.07.19"]
[Round "7"]
[White "Arjun Kalyan"]
[Black "Bu, Xiangzhi"]
[Result "0-1"]
[Board "1"]
[TimeControl "180+2"]
[WhiteFideId "35018701"]
[BlackFideId "8601445"]
[WhiteElo "2451"]
[BlackElo "2719"]
[WhiteTitle "GM"]
[BlackTitle "GM"]
[WhiteClock "0:00:05"]
[BlackClock "0:00:11"]
[Variant "Standard"]
[EndDate "2026.07.19"]
[EndTime "13:58:54"]

1. e4 e5 2. Nf3 d6 3. d4 exd4 4. Nxd4 Nf6 5. Nc3 Be7 6. g3 O-O 7. Bg2 Nc6 8. Nxc6 bxc6 9. O-O Nd7 10. h3 Bf6 11. Ne2 Rb8 12. c3 Ba6 13. Re1 Nc5 14. Nf4 Be5 15. Qc2 Bxf4 16. Bxf4 Nd3 17. Reb1 Nxf4 18. gxf4 Qh4 19. Qd2 f5 20. Re1 fxe4 21. Rxe4 Bc8 22. Qe3 Bf5 23. Re7 Rxb2 24. Rxc7 Bg6 25. Qxa7 Qxf4 26. Rxg7+ Kh8 27. Rb7 Rxb7 28. Qxb7 Qxf2+ 29. Kh1 Qg3 30. Qxc6 Bh5 31. Qe4 Bf3 32. Qd4+ Kg8 33. Bxf3 Qxh3+ 34. Kg1 Rxf3 35. Qc4+ Kg7 36. Qd4+ Kf7 37. Qc4+ Kg6 38. Qe4+ Kh6 39. Re1 Rg3+ 40. Kf2 Qh2+ 41. Kf1 Rg1# 0-1